 Dungeon Crawl Stone Soup version 0.25-a0-482-g9b3b753f3f (webtiles) character file.

Game seed: 13430537325000545981, levelgen mode: deterministic

706 Notrik the Skirmisher (level 7, -1/66 HPs)
             Began as a Hill Orc Fighter on Feb 10, 2020.
             Was an Initiate of Okawaru.
             Slain by Edmund
             ... wielding a +2 dire flail of protection
              (4 damage)
             ... on level 4 of the Dungeon.
             The game lasted 00:05:51 (3571 turns).

Notrik the Skirmisher (Hill Orc Fighter)            Turns: 3571, Time: 00:05:51

Health: -1/66      AC:  9    Str: 21    XL:     7   Next: 67%
Magic:  16/16      EV:  7    Int:  8    God:    Okawaru [......]
Gold:   219        SH: 10    Dex: 10    Spells: 6/6 levels left

rFire    . . .     SeeInvis .   a - +0 war axe
rCold    . . .     Gourm    .   c - +0 shield
rNeg     . . .     Faith    .   b - +0 scale mail
rPois    .         Spirit   .   f - +1 helmet
rElec    .         Reflect  .   (no cloak)
rCorr    .         Harm     .   (no gloves)
MR       .....                  (no boots)
Stlth    +.........             (no amulet)
HPRegen  0.21/turn              u - ring of stealth
MPRegen  0.15/turn              t - ring of magical power

@: no status effects
A: no striking features
a: Renounce Religion


You were on level 4 of the Dungeon.
You worshipped Okawaru.
Okawaru was noncommittal.
You were full.

You visited 2 branches of the dungeon, and saw 5 of its levels.

You collected 219 gold pieces.

Inventory:

Hand Weapons
 a - a +0 war axe (weapon)
Armour
 b - a +0 scale mail (worn)
 c - a +0 shield (worn)
 f - a +1 helmet (worn)
   (You found it on level 2 of the Dungeon)
 v - a +0 cloak
   (You found it on level 4 of the Dungeon)
Jewellery
 t - a ring of magical power (right hand)
   (You found it on level 3 of the Dungeon)
 u - a ring of stealth (left hand)
   (You found it on level 3 of the Dungeon)
Wands
 k - a wand of polymorph (5)
   (You took it off Ijyb on level 4 of the Dungeon)
Scrolls
 g - 2 scrolls of remove curse {@r2}
 h - 3 scrolls of fog {unknown}
 j - 3 scrolls of blinking
 l - 4 scrolls of identify {@r1}
 n - a scroll of magic mapping {unknown}
 q - 5 scrolls of teleportation {@r4}
 r - 4 scrolls of enchant armour
Potions
 d - 2 potions of might
 i - 2 potions of berserk rage {unknown}
 m - 2 potions of brilliance {unknown}
 o - 2 potions of lignification {unknown}
 p - 2 potions of curing {@q1}
 s - a potion of mutation {unknown}
 x - a potion of magic {unknown}
Comestibles
 e - 11 rations {!d}
 w - 2 chunks of flesh


   Skills:
 * Level 7.1 Fighting
 + Level 5.5 Axes
 + Level 5.1 Armour
 + Level 5.2 Shields


You had 6 spell levels left.
You didn't know any spells.
Your spell library contained the following spells:

 Spells                   Type           Power        Failure   Level  Hunger
 Animate Skeleton         Necr           N/A          99%         1    ##.....
 Apportation              Tloc           #.....       99%         1    ##.....
 Corona                   Hex            #......      99%         1    ##.....
 Summon Small Mammal      Summ           #...         99%         1    ##.....


Dungeon Overview and Level Annotations

Branches:
Dungeon (4/15)             Temple (1/1) D:4

Altars:
Cheibriados
Elyvilon
Fedhas
Hepliaklqana
Kikubaaqudgha
Nemelex Xobeh
Okawaru
Qazlal
Ru
Sif Muna
Uskayaw
Vehumet
Wu Jian
Zin

Annotations:
D:4 1 runed translucent door, Edmund; paps's ghost, amateur MiFi


Message History

Edmund hits you with a +2 dire flail of protection.
You block the hobgoblin's attack. Robin hits you with a +2 vorpal mace!
You block the goblin's attack.
Edmund hits you with a +2 dire flail of protection!
* * * LOW HITPOINT WARNING * * *
You slash Robin!
You kill Robin!
Okawaru accepts your kill.
You hit Edmund but do no damage. You barely miss the goblin.
You slash the hobgoblin!
You kill the hobgoblin!
Okawaru accepts your kill. You block the goblin's attack.
Edmund completely misses you.
You slash the hobgoblin!
You kill the hobgoblin!
Okawaru accepts your kill.
You completely miss the goblin. You hit Edmund but do no damage.
You block the goblin's attack. You block Edmund's attack.
The goblin hits you but does no damage. You block Edmund's attack.
You block the goblin's attack.
Items here: ! $ ))) [[ † You hit Edmund but do no damage.
You closely miss the goblin.
Edmund hits you with a +2 dire flail of protection.
* * * LOW HITPOINT WARNING * * *
You block the goblin's attack.
You closely miss Edmund. You slash the goblin!
You kill the goblin!
Okawaru accepts your kill. Edmund hits you but does no damage.
You slash Edmund!
Edmund hits you with a +2 dire flail of protection.
* * * LOW HITPOINT WARNING * * *
You barely miss Edmund. Edmund hits you but does no damage.
Edmund hits you with a +2 dire flail of protection.
* * * LOW HITPOINT WARNING * * *
You hit Edmund. Edmund hits you but does no damage.
You barely miss Edmund. Edmund barely misses you.
You hit Edmund.
Edmund says, "You wouldn't believe how much I paid for this flail."
Edmund hits you with a +2 dire flail of protection.
* * * LOW HITPOINT WARNING * * *
You closely miss Edmund.
Edmund hits you with a +2 dire flail of protection.
* * * LOW HITPOINT WARNING * * *
You hit Edmund but do no damage.
Edmund hits you with a +2 dire flail of protection.
* * * LOW HITPOINT WARNING * * *
You closely miss Edmund.
Edmund hits you with a +2 dire flail of protection.
You die...

##......##....# #####
.....#..#.....#....####...#
.##.###.......#....#......#
###..#........#...##......#
.#.........####...#...#...##
....###....# #....#...#....#
....#####..# #...##...##...#
≈§≈..# #.# #...#.....#...#
≈§≈≈.# .# #.@@#.....#...#
§≈≈≈≈# .. #.)(#.....#...#
÷>≈§≈# .#.))#.....#...#
≈≈≈≈≈.... #...#.....#...#
§§≈≈...... #...#.....#...#
≈≈≈....... #...#.....#...#
..###..... #...##...##...#
... #.).. #....#...#....#
... .... ##...#...#...##


You could see Edmund.

Vanquished Creatures
  Menkaure (D:4)
  An ogre (D:4)
  2 scorpions (D:4)
  A howler monkey (D:4)
  Natasha (thrice) (D:3)
  2 orc wizards
  Ijyb (D:4)
  Robin (D:4)
  10 adders
  A shadow imp (D:4)
  An adder skeleton (D:4)
  2 worms
  3 dart slugs
  2 leopard geckos
  10 orcs
  6 bats
  2 giant cockroaches
  9 goblins
  6 hobgoblins
  17 jackals
  6 frilled lizards
  A jackal skeleton (D:4)
  7 kobolds
  7 rats
102 creatures vanquished.

Notes
Turn   | Place    | Note
-------+----------+-------------------------------------------
     0 | D:1      | Notrik the Hill Orc Fighter began the quest for the Orb.
     0 | D:1      | Reached XP level 1. HP: 19/19 MP: 1/1
   132 | D:1      | Reached XP level 2. HP: 24/27 MP: 2/2
   197 | D:1      | Reached skill level 4 in Fighting
   322 | D:1      | Reached XP level 3. HP: 23/33 MP: 3/3
   572 | D:2      | Found a hide-covered altar of Uskayaw.
   832 | D:2      | Reached XP level 4. HP: 41/41 MP: 4/4
  1805 | D:3      | Reached skill level 5 in Fighting
  1805 | D:3      | Reached XP level 5. HP: 36/48 MP: 5/5
  1820 | D:3      | Noticed Natasha
  1825 | D:3      | Killed Natasha
  1875 | D:3      | Found a sparkling altar of Nemelex Xobeh.
  1877 | D:3      | Found a shimmering blue altar of Sif Muna.
  2219 | D:3      | Noticed Natasha
  2225 | D:3      | Killed Natasha
  2451 | D:3      | Noticed Natasha
  2458 | D:3      | Killed Natasha
  2458 | D:3      | Reached XP level 6. HP: 47/56 MP: 6/6
  2674 | D:4      | Noticed Ijyb
  2684 | D:4      | Killed Ijyb
  2817 | D:4      | Reached skill level 6 in Fighting
  2831 | D:4      | Found a staircase to the Ecumenical Temple.
  2880 | D:4      | Noticed Menkaure
  2882 | Temple   | Entered the Ecumenical Temple
  2986 | Temple   | Became a worshipper of Warmaster Okawaru
  3009 | D:4      | Killed Menkaure
  3009 | D:4      | Reached skill level 5 in Axes
  3009 | D:4      | Reached XP level 7. HP: 12/64 MP: 7/7
  3134 | D:4      | Reached skill level 5 in Shields
  3347 | D:4      | Found a runed translucent door.
  3350 | D:4      | Noticed paps's ghost (amateur MiFi)
  3454 | D:4      | Reached skill level 5 in Armour
  3545 | D:4      | Noticed Edmund
  3548 | D:4      | Noticed Robin
  3549 | D:4      | Reached skill level 7 in Fighting
  3559 | D:4      | Killed Robin
  3570 | D:4      | HP: 3/66 [Edmund/+2 dire flail of protection (6)]
  3571 | D:4      | Slain by Edmund

Levels and vault maps discovered:
D:1:      minmay_arrival_four_houses, layout_basic
D:2:      layout_rooms, eat_drink_and_be_merry_uskayaw
D:3:      layout_basic, chequers_temple_overflow_statue_of_worship,
          first_ration, st_stairs_11, uniq_natasha
D:4:      kennysheep_spiral_hall, layout_cave_pools, minmay_temple_entry_mist,
          hellmonk_ghost_happy_afterlife, uniq_edmund, uniq_menkaure,
          uniq_robin, uniq_ijyb
Temple:   jpeg_temple_clearing

Skill      XL: |  1  2  3  4  5  6  7 |
---------------+----------------------+-----
Axes           | 3 4 5 |  5.5
Fighting       | 4 5 6 7 |  7.1
Shields        | 4 5 |  5.2
Armour         | 4 5 |  5.1

Action                   |  1- 3 |  4- 6 |  7- 9 || total
-------------------------+-------+-------+-------++-------
Melee: War axe           |   115 |   150 |    62 ||   327
  Use: Scroll            |       |     5 |       ||     5
  Eat: Chunk             |       |     3 |       ||     3
       Ration            |       |     1 |     2 ||     3
Armor: Scale mail        |    79 |    72 |    32 ||   183
Dodge: Dodged            |    62 |    46 |    16 ||   124
Block: Shield            |    85 |    76 |    31 ||   192

Table legend:
 A = Non-vault XP
 B = Vault XP
 C = Vault XP percentage of total XP
 D = Non-vault monster count
 E = Vault monster count
 F = Vault count percentage of total count
                 A         B        C        D         E       F
            +---------+---------+-------+---------+---------+-------
      Total |     694 |     315 |  31.2 |      80 |      22 |  21.6
            +---------+---------+-------+---------+---------+-------
        D:1 |      43 |       0 |   0.0 |      23 |       0 |   0.0
        D:2 |      61 |      14 |  18.7 |      19 |       1 |   5.0
        D:3 |     193 |      43 |  18.2 |      22 |       5 |  18.5
        D:4 |     397 |     258 |  39.4 |      16 |      16 |  50.0
            +---------+---------+-------+---------+---------+-------
